 Dungeon Crawl Stone Soup version 0.19-a0-1851-g3228ea0 (webtiles) character file.

102 tyvek the Chiller (level 4, -2/30 HPs)
             Began as a Merfolk Ice Elementalist on Oct 10, 2016.
             Slain by a hobgoblin
             ... wielding a +0 club
              (3 damage)
             ... on level 3 of the Dungeon.
             The game lasted 00:06:42 (3003 turns).

tyvek the Chiller (Merfolk Ice Elementalist)        Turns: 3003, Time: 00:06:43

Health: -2/30      AC:  5    Str:  8    XL:     4   Next: 78%
Magic:  2/8        EV: 13    Int: 14    God:
Gold:   102        SH:  0    Dex: 15    Spells: 1 memorised, 8 levels left

rFire  + . .     SeeInvis .     (no weapon)
rCold  . . .     Gourm    .     n - +2 leather armour {rF+}
rNeg   . . .     Faith    .     (no shield)
rPois  +         Spirit   .     (no helmet)
rElec  .         Dismiss  .     (no cloak)
rCorr  .         Reflect  .     (no gloves)
MR     .....     Harm     .     (no boots)
Stlth  ++........               (no amulet)
                                (no ring)
                                P - ring of poison resistance

@: no status effects
A: change form in water, swift swim, stealthy swim
a: no special abilities


You were on level 3 of the Dungeon.
You were hungry.

You visited 1 branch of the dungeon, and saw 3 of its levels.

You collected 102 gold pieces.


   Skills:
 + Level 4.2 Dodging
 - Level 2.1 Stealth
 + Level 3.0 Spellcasting
   Level 0.7 Conjurations
 + Level 4.3 Ice Magic


You had 8 spell levels left.
You knew the following spells:

 Your Spells              Type           Power        Failure   Level  Hunger
z - Freeze                Ice            ##..         6%          1    #......

Inventory:

Armour
 n - a +2 leather armour of fire resistance (worn)
Jewellery
 P - a ring of poison resistance (left hand)
Scrolls
 d - a scroll of teleportation {@r4}
 e - a scroll of identify {@r1}
 l - a scroll of enchant weapon
 o - a scroll of fear
Potions
 a - 3 potions of curing {@q1}
 i - 3 potions of lignification {!q}
Books
 b - a book of Frost

   Spells                             Type                      Level
   a - Freeze                         Ice                          1
   b - Throw Frost                    Conjuration/Ice              2
   c - Ozocubu's Armour               Charms/Ice                   3
   d - Throw Icicle                   Conjuration/Ice              4
   e - Summon Ice Beast               Ice/Summoning                4
Comestibles
 c - 2 bread rations {@e1}
 f - a chunk of flesh
 j - a beef jerky {@e2}

Dungeon Overview and Level Annotations

Branches:
Dungeon (3/15)

Altars:

Annotations:
D:3 Ijyb

.......#####.........#
#.....##
.......##....####...?#
#.....##
.............#
#....#####.....##
.......##...##
#.......##.....##
.......######
#....##.#########
.......# ####....##...
..... .......#
#............ ######
.......# #...........
...... .......#
#..@g........ ......
.......# #...g...$....
...... .......#
#............ ......
######## #...........
...... #...........
###### #..........
#..........
#..........


You could see Ijyb and a hobgoblin.


Message History

You closely miss Ijyb.
Ijyb is almost dead.
The hobgoblin closely misses you. Ijyb closely misses you.
You closely miss Ijyb.
Ijyb is severely wounded.
The hobgoblin closely misses you. Ijyb hits you but does no damage.
You closely miss Ijyb.
Ijyb is severely wounded.
The hobgoblin hits you with a club.
* * * LOW HITPOINT WARNING * * *
Ijyb closely misses you.
You hit Ijyb but do no damage.
Ijyb is severely wounded.
Ijyb completely misses you. The hobgoblin hits you with a club.
* * * LOW HITPOINT WARNING * * *
You hit Ijyb.
Ijyb is almost dead.
Ijyb barely misses you. The hobgoblin hits you with a club.
* * * LOW HITPOINT WARNING * * *
You closely miss Ijyb.
Ijyb is almost dead.
Ijyb screams, "Me very upset!"
Ijyb hits you but does no damage.
The hobgoblin hits you but does no damage.
You hit Ijyb but do no damage.
Ijyb is almost dead.
Ijyb hits you with a dagger.
* * * LOW HITPOINT WARNING * * *
The hobgoblin hits you with a club.
You die...

Skill      XL: |  1  2  3  4 |
---------------+-------------+-----
Dodging        | 3 4 |  4.2
Ice Magic      | 4 |  4.3
Spellcasting   | 3 |  3.0
Stealth        | |  2.1
Conjurations   | |  0.7

Action                   |  1- 3 |  4- 6 || total
-------------------------+-------+-------++-------
Melee: Unarmed           |     9 |    32 ||    41
 Cast: Freeze            |    51 |    57 ||   108
  Use: Scroll            |       |     8 ||     8
       Potion            |       |     1 ||     1
 Stab: Sleeping          |       |     1 ||     1
  Eat: Chunk             |     3 |     4 ||     7
Armor: Robe              |     3 |       ||     3
       Leather armour    |     6 |    19 ||    25
Dodge: Dodged            |    30 |    55 ||    85

Vault maps used:
D:1:      lightli_arrival_statue_moat
D:2:      minmay_stone_trees_medium, minmay_unequal
D:3:      uniq_iyjb

Notes
Turn   | Place    | Note
-------+----------+-------------------------------------------
     0 | D:1      | tyvek the Merfolk Ice Elementalist began the quest for the Orb.
     0 | D:1      | Reached XP level 1. HP: 13/13 MP: 3/3
   346 | D:1      | Reached skill level 3 in Dodging
   346 | D:1      | Reached XP level 2. HP: 19/19 MP: 1/5
  1060 | D:2      | Reached XP level 3. HP: 20/24 MP: 3/6
  1165 | D:2      | Reached skill level 4 in Ice Magic
  1537 | D:2      | Reached XP level 4. HP: 21/30 MP: 5/8
  2322 | D:2      | Reached skill level 3 in Spellcasting
  2432 | D:3      | Reached skill level 4 in Dodging
  2966 | D:3      | Noticed Ijyb
  3003 | D:3      | HP: 1/30 [Ijyb/dagger (3)]
  3003 | D:3      | Slain by a hobgoblin

Vanquished Creatures
  3 adders (D:2)
  2 oozes (D:2)
  5 worms
  A dart slug (D:1)
  A leopard gecko (D:2)
  5 orcs (D:3)
  A ball python (D:1)
  A giant cockroach (D:1)
  5 goblins
  5 hobgoblins
  2 jackals (D:2)
  A quokka (D:3)
  5 bats
  4 frilled lizards
  3 kobolds
  3 rats (D:2)
47 creatures vanquished.
